 Dungeon Crawl Stone Soup version 0.20.0-3-g22ec75f (webtiles) character file.

1096 Kosschaser the Cudgeler (level 8, -12/49 HPs)
             Began as a Gargoyle Fighter on May 27, 2017.
             Was an Initiate of Okawaru.
             Killed from afar by Rim's ghost (15 damage)
             ... with a puff of frost
             ... on level 6 of the Dungeon.
             The game lasted 00:14:35 (4902 turns).

Kosschaser the Cudgeler (Gargoyle Fighter)          Turns: 4902, Time: 00:14:37

Health: -12/49     AC: 12    Str: 27    XL:     8   Next: 31%
Magic:  8/8        EV:  9    Int:  8    God:    Okawaru [......]
Gold:   286        SH: 10    Dex:  9    Spells: 7/7 levels left

rFire    . . .     SeeInvis +   a - +0 flail
rCold    . . .     Gourm    .   c - +0 shield
rNeg     + . .     Faith    .   y - +1 ring mail of the Teacher {Str+4} (curse)
rPois    ∞         Spirit   .   (no helmet)
rElec    +         Reflect  .   (no cloak)
rCorr    .         Harm     .   (no gloves)
MR       .....                  (no boots)
Stlth    ..........             t - amulet of rage
Regen    0.2/turn               j - ring of see invisible
MPRegen  0.2/turn               (no ring)

@: berserk cooldown, starving, slowed, very slow
A: negative energy resistance 1, electricity resistance, unbreathing,
petrification resistance, rot immunity, AC +5
a: Renounce Religion, Evoke Berserk Rage


You were on level 6 of the Dungeon.
You worshipped Okawaru.
Okawaru was noncommittal.
You were starving.

You visited 2 branches of the dungeon, and saw 7 of its levels.

You collected 286 gold pieces.

Inventory:

Hand Weapons
 a - a +0 flail (weapon)
Armour
 c - a +0 shield (worn)
 y - the cursed +1 ring mail of the Teacher (worn) {Str+4}
   (You found it on level 6 of the Dungeon)

   It affects your strength (+4).
   It has a curse placed upon it.
Jewellery
 j - a ring of see invisible (left hand)
 t - an amulet of rage (around neck)
Wands
 A - a wand of lightning (7/15)
Scrolls
 e - 3 scrolls of fear {unknown}
 k - 3 scrolls of teleportation {unknown}
 m - a scroll of enchant weapon {unknown}
 o - 8 scrolls of identify {unknown}
 q - a scroll of blinking {unknown}
 r - a scroll of fog {unknown}
 s - a scroll of enchant armour {unknown}
 u - 2 scrolls of amnesia {unknown}
 v - 2 scrolls of recharging {unknown}
 x - a scroll of magic mapping {unknown}
Potions
 d - 3 potions of might
 g - 2 potions of agility {unknown}
 h - 2 potions of flight {unknown}
 i - 4 potions of curing
 l - a potion of haste {unknown}
 n - 2 potions of ambrosia {unknown}
 w - a potion of brilliance {unknown}
Books
 b - a book of Frost

   Spells                             Type                      Level
   a - Freeze                         Ice                          1
   b - Throw Frost                    Conjuration/Ice              2
   c - Ozocubu's Armour               Charms/Ice                   3
   d - Throw Icicle                   Conjuration/Ice              4
   e - Summon Ice Beast               Ice/Summoning                4
Comestibles
 f - 5 bread rations
 p - 3 meat rations
 z - a royal jelly
 B - a fruit


   Skills:
 + Level 5.1 Fighting
 + Level 6.2 Maces & Flails
 + Level 5.4 Armour
 + Level 1.9 Dodging
 + Level 5.8 Shields


You had 7 spell levels left.
You didn't know any spells.

Dungeon Overview and Level Annotations

Branches:
Dungeon (6/15)             Temple (1/1) D:5

Altars:
Ashenzari
Elyvilon
Kikubaaqudgha
Makhleb
Okawaru
Qazlal
Ru
Trog
Uskayaw
Vehumet
Zin
The Shining One

Annotations:
D:6 Rim's ghost, novice OpIE


Innate Abilities, Weirdness & Mutations

You are resistant to torment.
Your stone body is resilient. (AC +5)
You are immune to poison.
You resist negative energy. (rN+)
You are resistant to electric shocks. (rElec)
You can survive without breathing.
You are immune to petrification.
You are immune to rotting.


Message History

You barely miss Rim's ghost.
Rim's ghost is almost destroyed.
Rim's ghost stares at you and mumbles some strange words.
You are frozen.
Rim's ghost stares at you and mumbles some strange words.
The puff of frost hits you!
* * * LOW HITPOINT WARNING * * *
You barely miss Rim's ghost.
Rim's ghost is almost destroyed.
Rim's ghost keens inconsolably.
Rim's ghost hits you.
* * * LOW HITPOINT WARNING * * *
x2 Unknown command.
Your shield and ring mail of the Teacher prevent you from hitting Rim's ghost.
Rim's ghost is almost destroyed.
Rim's ghost hits you.
* * * LOW HITPOINT WARNING * * *
x2 Rim's ghost stares at you and mumbles some strange words.
The puff of frost hits you!
You die...

##..####....[###.....##
#...# ##..##....#.###
#..## ###..##......###
#..# ##........#####.
####..# #..##.###.## ..
......# #.###.###.. .! #
.####.###.........#..###..
......(......####.##......
#####.#.....)..W@.........
#................###.#
####............##.### ###
......#.......(.##...##
..#
#.<...#.........####..####
#.# ###.....#########
##....###.### #....###
####.....(.## ##.....#
#####.#... #..###.# #...##


You could see Rim's ghost.

Vanquished Creatures
  Grinder (D:4)
  Duvessa (D:4)
  A sky beast (D:6)
  An ogre (D:4)
  A centaur (D:6)
  A scorpion (D:5)
  Dowan (D:4)
  A centaur zombie (D:4)
  A centaur skeleton (D:6)
  2 hounds (D:3)
  An iguana (D:5)
  A worker ant (D:4)
  A hound skeleton (D:4)
  Robin (D:2)
  10 adders
  4 gnolls
  A shadow imp (D:5)
  2 oozes
  An adder skeleton (D:6)
  3 worms
  A dart slug (D:1)
  A leopard gecko (D:3)
  2 orcs
  4 giant cockroaches
  10 goblins
  13 hobgoblins
  10 jackals
  8 kobolds
  2 quokkas
  A ball python (D:3)
  8 bats
  3 frilled lizards (D:1)
  A leopard gecko zombie (D:5)
  8 rats
108 creatures vanquished.

Notes
Turn   | Place    | Note
-------+----------+-------------------------------------------
     0 | D:1      | Kosschaser the Gargoyle Fighter began the quest for the Orb.
     0 | D:1      | Reached XP level 1. HP: 14/14 MP: 1/1
    69 | D:1      | Reached XP level 2. HP: 16/19 MP: 2/2
   217 | D:1      | Reached XP level 3. HP: 24/24 MP: 3/3
   429 | D:2      | Noticed Robin
   455 | D:2      | Killed Robin
   635 | D:2      | Reached XP level 4. HP: 29/29 MP: 4/4
   758 | D:2      | Reached skill level 3 in Maces & Flails
  1138 | D:3      | Reached XP level 5. HP: 33/33 MP: 5/5
  1198 | D:3      | Found a faded altar of an unknown god.
  2025 | D:4      | Noticed Dowan
  2026 | D:4      | Noticed Duvessa
  2322 | D:4      | Reached skill level 1 in Dodging
  2328 | D:4      | Reached XP level 6. HP: 24/39 MP: 6/6
  2346 | D:4      | Killed Dowan
  2346 | D:4      | Reached skill level 4 in Maces & Flails
  2640 | D:4      | Noticed Grinder
  3103 | D:4      | Reached XP level 7. HP: 23/44 MP: 7/7
  3575 | D:4      | Killed Duvessa
  3575 | D:4      | Reached skill level 5 in Maces & Flails
  3575 | D:4      | Reached skill level 5 in Shields
  3579 | D:4      | Paralysed by Grinder for 4 turns
  3588 | D:4      | Paralysed by Grinder for 3 turns
  3591 | D:4      | Killed Grinder
  3591 | D:4      | Reached skill level 5 in Fighting
  3680 | D:5      | Entered Level 5 of the Dungeon
  3684 | D:5      | Reached skill level 5 in Armour
  3863 | D:5      | Found a hide-covered altar of Uskayaw.
  3865 | D:5      | Noticed a dagger
  3866 | D:5      | Noticed a dagger
  4164 | D:5      | Reached XP level 8. HP: 48/49 MP: 8/8
  4225 | D:5      | Found a staircase to the Ecumenical Temple.
  4233 | Temple   | Entered the Ecumenical Temple
  4269 | Temple   | Became a worshipper of Warmaster Okawaru
  4499 | D:6      | Got a brightly glowing ring mail
  4510 | D:6      | Identified the cursed +1 ring mail of the Teacher {Str+4} (You found it on level 6 of the Dungeon)
  4624 | D:6      | Reached skill level 6 in Maces & Flails
  4877 | D:6      | Noticed Rim's ghost (novice OpIE)
  4902 | D:6      | Killed from afar by Rim's ghost

Skill      XL: |  1  2  3  4  5  6  7  8 |
---------------+-------------------------+-----
Maces & Flails | 3 4 5 6 |  6.2
Shields        | 4 5 |  5.8
Fighting       | 4 5 |  5.1
Dodging        | 1 |  1.9
Armour         | 4 5 |  5.4

Action                   |  1- 3 |  4- 6 |  7- 9 || total
-------------------------+-------+-------+-------++-------
Melee: Flail             |   124 |   254 |   209 ||   587
 Abil: Evoke Berserk Rag |       |       |     1 ||     1
  Use: Potion            |       |     1 |       ||     1
  Eat: Chunk             |       |     8 |     5 ||    13
Armor: Scale mail        |    80 |   154 |    89 ||   323
       Ring mail         |       |       |    12 ||    12
Dodge: Dodged            |    55 |   111 |    68 ||   234
Block: Shield            |    86 |   169 |   118 ||   373
